 Dungeon Crawl Stone Soup version 0.29.1-1-gd02db6906a (webtiles) character file.

Game seed: 15072680138581164195

112 112233 the Gusty (level 4, -2/29 HPs)
             Began as an Octopode Air Elementalist on Oct 11, 2022.
             Was an Initiate of Vehumet.
             Slain by a black bear (7 damage)
             ... on level 3 of the Dungeon.
             The game lasted 00:02:05 (2812 turns).

112233 the Gusty (Octopode Air Elementalist)        Turns: 2812, Time: 00:02:06

Health: -2/29      AC:  1    Str:  7    XL:     4   Next: 93%
Magic:  1/8        EV: 13    Int: 19    God:    Vehumet [......]
Gold:   156        SH:  0    Dex: 12    Spells: 6/9 levels left

rFire   . . .      SeeInvis .   t - +2 dagger (venom)
rCold   . . .      Faith    .   (no shield)
rNeg    . . .      Spirit   .   (helmet restricted)
rPois   .          Reflect  .   (no amulet)
rElec   .          Harm     .   (no ring)
rCorr   .          Rampage  .   (no ring)
Will    .....                   (no ring)
Stlth   +++.......              (no ring)
HPRegen 0.09/turn               (no ring)
MPRegen 0.11/turn               (no ring)
                                (no ring)
                                (no ring)

@: no status effects
A: almost no armour, amphibious, 8 rings, camouflage 1, gelatinous body 1,
(nimble swimmer 1), tentacles
a: Renounce Religion


You were on level 3 of the Dungeon.
You worshipped Vehumet.
Vehumet was noncommittal.
You visited 1 branch of the dungeon, and saw 3 of its levels.

You collected 156 gold pieces.

Inventory:

Hand Weapons
 b - a +0 hand axe
 h - a +2 vampiric dagger
 k - a +1 dagger of venom
 t - a +2 dagger of venom (weapon)
 w - a +2 dagger of electrocution
Missiles
 n - 4 atropa-tipped darts
 u - 5 poisoned darts
Armour
 d - a +0 kite shield
 s - an orb of wrath
Scrolls
 f - 2 scrolls of immolation {unknown}
 g - a scroll of fear {unknown}
 j - 2 scrolls of identify {unknown}
 l - a scroll of brand weapon {unknown}
 m - a scroll of enchant armour {unknown}
 p - a scroll of amnesia {unknown}
 q - a scroll of teleportation {unknown}
 r - a scroll of noise {unknown}
 v - a scroll of butterflies {unknown}
Potions
 a - a potion of magic
 c - a potion of might {unknown}
 e - 5 potions of heal wounds {unknown}
 i - a potion of mutation {unknown}
 o - 2 potions of curing {unknown}


   Skills:
 + Level 1.6 Fighting
 - Level 2.0 Dodging
 - Level 2.7 Stealth
 + Level 3.2 Spellcasting
 - Level 1.0 Conjurations
 + Level 4.1 Air Magic


You had 6 spell levels left.
You knew the following spells:

 Your Spells              Type           Power      Damage    Failure   Level
a - Shock                 Conj/Air       48%        1d6       5%          1
b - Static Discharge      Conj/Air       12%        3-5/arc   8%          2

Your spell library contained the following spells:

 Spells                   Type           Power      Damage    Failure   Level
 Swiftness                Air            18%        N/A       9%          3
 Magic Dart               Conj           28%        1d4       10%         1
 Searing Ray              Conj           14%        2d5       14%         2
 Necrotise                Necr           12%        1d4       16%         1
 Call Imp                 Summ           3%         N/A       22%         2
 Mephitic Cloud           Conj/Pois/Air  9%         N/A       22%         3
 Airstrike                Air            9%         2d(2-18)  26%         4
 Vampiric Draining        Necr           3%         2d6       41%         3
 Fulminant Prism          Conj/Hex       2%         3d6       75%         4
 Agony                    Necr           3%         N/A       99%         5


Dungeon Overview and Level Annotations

Branches:
Dungeon (3/15)

Altars:
Vehumet


Innate Abilities, Weirdness & Mutations

You cannot wear most types of armour.
You are amphibious.
You can wear up to eight rings at the same time.
Your skin changes colour to match your surroundings (Stealth+).
Your rubbery body absorbs attacks. (AC +1, EV +1)
((You are camouflaged when in or above water. (Stealth+)))
You have tentacles for arms and can constrict up to eight enemies at once.


Message History

Aim: a black bear (moderately wounded, 77% to hit)
The zap hits the black bear.
The black bear is moderately wounded.
Casting: Shock (safe; 5% risk of failure)
Confirm with . or Enter, or press ? or * to list all spells.
Aiming: Shock (safe; 5% risk of failure)
Press: ? - help, Shift-Dir - straight line, f/p - black bear
Aim: a black bear (moderately wounded, 77% to hit)
The zap hits the black bear.
The black bear is heavily wounded.
Casting: Shock (safe; 5% risk of failure)
Confirm with . or Enter, or press ? or * to list all spells.
Aiming: Shock (safe; 5% risk of failure)
Press: ? - help, Shift-Dir - straight line, f/p - black bear
Aim: a black bear (heavily wounded, 77% to hit)
The zap hits the black bear but does no damage.
The black bear is heavily wounded.
Casting: Shock (safe; 5% risk of failure)
Confirm with . or Enter, or press ? or * to list all spells.
Aiming: Shock (safe; 5% risk of failure)
Press: ? - help, Shift-Dir - straight line, f/p - black bear
Aim: a black bear (heavily wounded, 77% to hit)
The zap hits the black bear.
The black bear is severely wounded.
The black bear goes berserk!
Casting: Shock (safe; 5% risk of failure)
Confirm with . or Enter, or press ? or * to list all spells.
Aiming: Shock (safe; 5% risk of failure)
Press: ? - help, Shift-Dir - straight line, f/p - black bear
Aim: a black bear (severely wounded, berserk, 77% to hit)
The zap hits the black bear.
The black bear is severely wounded.
The black bear bites you! The black bear claws you. x2
You hear a shout!
You hit the black bear.
The black bear is poisoned.
You grab the black bear.
The black bear is almost dead.
You constrict the black bear. The black bear bites you!
* * * LOW HITPOINT WARNING * * *
The black bear claws you!
You die...

# #.#..##########
.......@......#
######.h....#.#
+......#.#
#......#.#
#......#.#######
#......#.#.....####
#......#.#.....##..
#.>....#.#.....##..
#.......)'..


You could see a black bear (berserk, very poisoned).

Vanquished Creatures
  An orc wizard (D:3)
  An adder (D:2)
  2 worms (D:2)
  3 orcs (D:3)
  7 ball pythons
  8 bats
  4 endoplasms
  6 giant cockroaches
  5 hobgoblins
  3 jackals (D:1)
  4 kobolds
  A quokka (D:1)
  3 frilled lizards
  9 goblins
  4 rats
61 creatures vanquished.

Notes
Turn   | Place    | Note
-------+----------+-------------------------------------------
     0 | D:1      | 112233 the Octopode Air Elementalist began the quest for
                  | the Orb.
     0 | D:1      | Reached XP level 1. HP: 11/11 MP: 3/3
   234 | D:1      | Reached XP level 2. HP: 17/17 MP: 3/5
   237 | D:1      | Learned a level 2 spell: Static Discharge
   434 | D:1      | Found a faded altar of an unknown god.
   776 | D:1      | Reached XP level 3. HP: 21/21 MP: 4/6
  1494 | D:2      | Reached skill level 1 in Fighting
  1554 | D:2      | Reached XP level 4. HP: 28/28 MP: 6/8
  2240 | D:3      | Found a radiant altar of Vehumet.
  2405 | D:3      | Became a worshipper of Vehumet
  2725 | D:3      | Reached skill level 4 in Air Magic
  2804 | D:3      | Noticed a black bear
  2812 | D:3      | Slain by a black bear

Illustrated notes

Levels and vault maps discovered:
D:1:      dpeg_arrival_more_subterranean_lakeside_camping, layout_basic,
          ebering_ecumenical_altar_sacrificial, minmay_tromino_v4_c
D:2:      layout_rooms
D:3:      layout_basic, overflow_temple_1_default, kennysheep_nub,
          nicolae_figureground_pulse

Skill      XL: |  1  2  3  4 |
---------------+-------------+-----
Fighting       | 1 |  1.6
Spellcasting   | 3 |  3.2
Air Magic      | 4 |  4.1
Dodging        | |  2.0
Stealth        | |  2.7
Conjurations   | |  1.0

Action                   |  1- 3 |  4- 6 || total
-------------------------+-------+-------++-------
Melee: Dagger            |    10 |     7 ||    17
       Hand axe          |     3 |       ||     3
       Constrict         |     2 |     2 ||     4
       Tentacles         |       |     4 ||     4
 Cast: Shock             |    78 |    49 ||   127
Armor: Skin              |     4 |       ||     4
Dodge: Dodged            |    14 |     5 ||    19
